 Dungeon Crawl Stone Soup version 0.27-a0-951-gae3e1deef5 (webtiles) character file.

Game seed: 535184633011873719

17593 wakim the Geomancer (level 12, -23/68 HPs)
             Began as a Gargoyle Earth Elementalist on Apr 11, 2021.
             Was an Elder of Vehumet.
             Killed from afar by an ice dragon (37 damage)
             ... with a blast of cold
             ... on level 11 of the Dungeon.
             The game lasted 00:58:45 (15729 turns).

wakim the Geomancer (Gargoyle Earth Elementalist)  Turns: 15729, Time: 00:58:46

Health: -23/68     AC: 21    Str: 20    XL:     12   Next: 49%
Magic:  0/21       EV: 16    Int: 19    God:    Vehumet [****..]
Gold:   651        SH:  4    Dex: 10    Spells: 5/23 levels left

rFire    + . .     SeeInvis .   b - +2 demon trident
rCold    . . .     Faith    .   u - +0 buckler
rNeg     + . .     Spirit   +   p - +2 ring mail {rF+}
rPois    ∞         Reflect  .   t - +0 hat
rElec    +         Harm     .   h - +0 cloak
rCorr    .         Rampage  .   q - +0 pair of gloves
Will     .....                  i - +1 pair of boots
Stlth    +.........             c - amulet of guardian spirit
HPRegen  0.21/turn              z - +6 ring of strength
MPRegen  0.17/turn              A - +4 ring of evasion

@: no status effects
A: AC +8, negative energy resistance 1, electricity resistance, torment
resistance 1, unbreathing 1, petrification resistance
a: Renounce Religion


You were on level 11 of the Dungeon.
You worshipped Vehumet.
Vehumet was greatly pleased with you.
You visited 2 branches of the dungeon, and saw 12 of its levels.
You also visited: Bailey.

You collected 680 gold pieces.
You spent 29 gold pieces at shops.

Inventory:

Hand Weapons
 a - a +0 mace of protection
 b - a +2 demon trident (weapon)
Missiles
 k - 2 throwing nets {=f!f}
 s - 105 stones
 x - 3 curare-tipped darts {=f}
Armour
 h - a +0 cloak (worn)
 i - a +1 pair of boots (worn)
 p - a +2 ring mail of fire resistance (worn)
 q - a +0 pair of gloves (worn)
 t - a +0 hat (worn)
 u - a +0 buckler (worn)
Jewellery
 c - an amulet of guardian spirit (around neck)
 d - a ring of magical power
 g - a ring of fire
 o - a ring of flight
 z - a +6 ring of strength (left hand)
 A - a +4 ring of evasion (right hand)
Wands
 v - a wand of flame (16)
 w - a wand of acid (2)
 y - a wand of paralysis (4)
Scrolls
 n - 3 scrolls of enchant armour
 r - a scroll of identify
 T - 2 scrolls of teleportation
 U - a scroll of fear
 X - 4 scrolls of fog
Potions
 j - a potion of might {unknown}
 l - a potion of berserk rage {unknown}
 m - a potion of magic {unknown}
 B - a potion of attraction {!q}
 D - 3 potions of brilliance
 E - a potion of cancellation
 F - 3 potions of curing
 H - 2 potions of haste
 L - 2 potions of lignification {!q}
 O - a potion of resistance


   Skills:
 + Level 5.3 Fighting
 + Level 9.3 Polearms
 + Level 5.3 Armour
 + Level 4.2 Dodging
 - Level 2.1 Stealth
 - Level 4.0 Shields
 - Level 6.0 Spellcasting
 - Level 6.0 Conjurations
 - Level 6.0 Transmutations
 * Level 1.7 Fire Magic
 - Level 12.0 Earth Magic


You had 5 spell levels left.
You knew the following spells:

 Your Spells              Type           Power      Damage    Failure   Level
a - Sandblast             Erth           100%       2d20      1%          1
b - Lee's Rapid Deconstr  Erth           25%        3d15*     1%          5
c - Petrify               Tmut/Erth      39%        N/A       4%          4
d - Bolt of Magma         Conj/Fire/Erth 15%        4d9       10%         5
x - Stone Arrow           Conj/Erth      78%        3d11      1%          3

Your spell library contained the following spells:

 Spells                   Type           Power      Damage    Failure   Level
 Airstrike                Air            2%         N/A       41%         4
 Magic Dart               Conj           100%       1d8       1%          1
 Passwall                 Tmut/Erth      32%        N/A       1%          2
 Conjure Flame            Conj/Fire      20%        6-21      3%          3
 Mephitic Cloud           Conj/Pois/Air  13%        N/A       7%          3
 Summon Small Mammal      Summ           20%        N/A       19%         1
 Blink                    Tloc           N/A        N/A       26%         2
 Call Imp                 Summ           5%         N/A       26%         2
 Slow                     Hex            5%         N/A       26%         2
 Call Canine Familiar     Summ           5%         N/A       47%         3
 Summon Guardian Golem    Hex/Summ       5%         N/A       47%         3
 Summon Ice Beast         Ice/Summ       5%         N/A       87%         4
 Summon Lightning Spire   Summ/Air       5%         N/A       87%         4


Dungeon Overview and Level Annotations

Branches:
Dungeon (11/15)            Temple (1/1) D:6            Lair (0/6) D:11
 Bailey (visited)
    Orc: D:9-12

Altars:
Ashenzari
Cheibriados
Dithmenos
Elyvilon
Fedhas
Gozag
Hepliaklqana
Kikubaaqudgha
Makhleb
Nemelex Xobeh
Okawaru
Qazlal
Ru
Sif Muna
Trog
Uskayaw
Vehumet
Wu Jian
Xom
Yredelemnul
Zin
The Shining One

Shops:
D:4 *[*:*   D:10 *

Portals:
Ice
Cave: D:11

Annotations:
D:2 Sigmund
D:6 2 transporters, 3 runed translucent doors, bmj180's ghost, novice DrCj; bmj180's ghost, novice GnFi


Innate Abilities, Weirdness & Mutations

Your stone body is resilient. (AC +8)
You are immune to poison.
You resist negative energy. (rN+)
You are resistant to electric shocks. (rElec)
You are resistant to unholy torment.
You can survive without breathing.
You are immune to petrification.


Message History

You block the polar bear's attack.
You barely miss the polar bear.
The polar bear is severely wounded.
The polar bear bites you but does no damage.
The polar bear misses you. The polar bear closely misses you.
You puncture the polar bear!
The polar bear is almost dead.
You puncture the polar bear!
You kill the polar bear!
Vehumet accepts your kill.
You puncture the polar bear!
The polar bear is moderately wounded.
Casting: Bolt of Magma (dangerous; 10% risk of failure)
Confirm with . or Enter, or press ? or * to list all spells.
Aiming: Bolt of Magma (dangerous; 10% risk of failure)
Press: ? - help, Shift-Dir - straight line, f - ice dragon
Aim: an ice dragon (23% to evade)
The bolt of magma hits the polar bear!
The polar bear is severely wounded.
The bolt of magma hits the ice dragon!!
The ice dragon is burned terribly!
The ice dragon is moderately wounded.
The polar bear misses you. You block the polar bear's attack.
The polar bear closely misses you.
You barely miss the polar bear.
The polar bear is severely wounded.
The polar bear bites you but does no damage.
The polar bear misses you. The polar bear completely misses you.
The ice dragon breathes frost at you.
The blast of cold hits the polar bear!
The polar bear resists.
The blast of cold hits you!!!
Ouch! That really hurt!
* * * LOW HITPOINT WARNING * * *
The polar bear growls angrily.
Your magical contamination has completely faded away.
The polar bear goes berserk!
The ice dragon breathes frost at you.
The blast of cold misses the polar bear.
The blast of cold hits you!!!
Ouch! That really hurt!
You die...

...# ### ...# #h##
.#.# ∩.h.Dh†#†###
.#.# ...#.####.h#
.#.# # ##D# .#.#
#.# ...# ##.# .###
#h.#
..##############@##
.................#
.#...#############
.#..## .#..# ...##
....# ....# ....#


You could see an ice dragon (catching breath) and 2 polar bears.

Vanquished Creatures
  Gastronok (D:9)
  Erica (D:9)
  5 two-headed ogres
  An orc high priest (Bailey)
  An orc knight (Bailey)
  An orc sorcerer (Bailey)
  Joseph (D:9)
  A kobold demonologist (D:10)
  2 trolls
  A merfolk (D:10)
  A polar bear (D:11)
  Prince Ribbit (D:9)
  A hornet (D:10)
  A vampire (D:10)
  A shadow (D:11)
  3 wraiths
  Eustachio (D:4)
  2 steam dragons
  13 yaks
  2 vampire mosquitoes
  3 water moccasins
  An ice beast (D:3)
  4 black bears
  9 orc warriors
  A sky beast (D:7)
  A necrophage (D:7)
  2 wolves (D:11)
  2 ogres
  4 centaurs
  A phantom (D:6)
  4 bullfrogs
  6 kobold brigands
  A gnoll sergeant (D:8)
  A scorpion (D:7)
  A water moccasin skeleton (D:5)
  17 killer bees
  8 wights
  2 howler monkeys
  An electric eel (Bailey)
  2 centaur zombies (D:10)
  2 jellies
  4 orc priests
  2 centaur skeletons
  4 hounds
  3 orc wizards (D:9)
  A hound zombie (D:5)
  3 howler monkey zombies
  7 adders
  13 gnolls
  A howler monkey skeleton (D:4)
  A shadow imp (D:5)
  3 white imps
  An ufetubus (D:7)
  2 adder skeletons
  A worm (D:4)
  2 dart slugs
  34 orcs
  A bat skeleton (D:2)
  A bat zombie (D:2)
  7 endoplasms
  4 giant cockroaches
  18 goblins
  10 hobgoblins
  8 jackals
  21 kobolds
  A quokka (D:2)
  10 ball pythons
  A ball python zombie (D:2)
  7 bats
  2 frilled lizards
  A jackal zombie (D:2)
  A quokka skeleton (D:2)
  3 rats
292 creatures vanquished.

Vanquished Creatures (others)
  A goblin (Bailey)
  26 fungi (D:11)
  30 plants (D:11)
57 creatures vanquished.

Grand Total: 349 creatures vanquished

Notes
Turn   | Place    | Note
-------+----------+-------------------------------------------
     0 | D:1      | wakim the Gargoyle Earth Elementalist began the quest for
                  | the Orb.
     0 | D:1      | Reached XP level 1. HP: 10/10 MP: 3/3
   109 | D:1      | Reached skill level 4 in Earth Magic
   110 | D:1      | Reached XP level 2. HP: 15/15 MP: 1/5
   242 | D:1      | Found a faded altar of an unknown god.
   292 | D:1      | Became a worshipper of Vehumet
   292 | D:1      | Reached * piety under Vehumet
   292 | D:1      | Offered knowledge of Magic Dart by Vehumet.
   573 | D:1      | Reached XP level 3. HP: 19/19 MP: 2/6
   691 | D:1      | Learned a level 3 spell: Stone Arrow
   784 | D:2      | Noticed Sigmund
  1100 | D:2      | Reached skill level 1 in Conjurations
  1100 | D:2      | Reached skill level 5 in Earth Magic
  1209 | D:2      | Reached XP level 4. HP: 24/24 MP: 5/7
  1281 | D:2      | Reached ** piety under Vehumet
  1440 | D:3      | Offered knowledge of Searing Ray by Vehumet.
  1896 | D:3      | Noticed an ice beast
  2460 | D:4      | Reached XP level 5. HP: 28/28 MP: 6/9
  2782 | D:4      | Found Qiup Sit's General Store.
  2885 | D:4      | Reached skill level 6 in Earth Magic
  2885 | D:4      | Reached XP level 6. HP: 32/32 MP: 7/10
  2898 | D:4      | Learned a level 5 spell: Lee's Rapid Deconstruction
  2920 | D:4      | Offered knowledge of Frozen Ramparts by Vehumet.
  2930 | D:4      | Found Ofelioc's Book Shop.
  2937 | D:4      | Found Udeow's Antique Armour Shoppe.
  2982 | D:4      | Found Xocsacs's General Store.
  3460 | D:4      | Found Gyinaka's General Store.
  3465 | D:4      | Bought 23 stones for 29 gold pieces
  3508 | D:4      | Reached skill level 7 in Earth Magic
  3508 | D:4      | Reached XP level 7. HP: 36/36 MP: 8/11
  3673 | D:5      | Entered Level 5 of the Dungeon
  3673 | D:5      | Noticed Eustachio
  3825 | D:4      | Killed Eustachio
  3914 | D:5      | Reached skill level 1 in Armour
  4071 | D:5      | Reached *** piety under Vehumet
  4100 | D:5      | Reached XP level 8. HP: 41/41 MP: 9/12
  4209 | D:5      | Reached skill level 8 in Earth Magic
  4349 | D:5      | Reached skill level 5 in Conjurations
  4785 | D:5      | Found a white marble altar of Elyvilon.
  4785 | D:5      | Found a glowing silver altar of Zin.
  4903 | D:6      | Found a staircase to the Ecumenical Temple.
  4977 | Temple   | Entered the Ecumenical Temple
  5273 | D:6      | Reached skill level 1 in Polearms
  5511 | D:6      | Found a broken altar of Ashenzari.
  5511 | D:6      | Found an iron altar of Okawaru.
  5511 | D:6      | Found a shadowy altar of Dithmenos.
  5511 | D:6      | Noticed a gargoyle
  5511 | D:6      | Noticed a red ugly thing
  5732 | D:6      | Found a sacrificial altar of Ru.
  5831 | D:6      | Found a transporter.
  5833 | D:6      | Found a transporter.
  5833 | D:6      | Noticed a manticore
  5837 | D:6      | Noticed a shadow
  5929 | D:6      | Found a runed translucent gate.
  5929 | D:6      | Found a runed translucent gate.
  5929 | D:6      | Found a runed translucent gate.
  5930 | D:6      | Noticed bmj180's ghost (novice GnFi)
  5931 | D:6      | Noticed bmj180's ghost (novice DrCj)
  6066 | D:6      | Learned a level 4 spell: Petrify
  6703 | D:7      | Reached skill level 1 in Fighting
  6797 | D:7      | Reached XP level 9. HP: 26/47 MP: 4/13
  7605 | D:7      | Reached skill level 5 in Armour
  7877 | D:7      | Offered knowledge of Inner Flame by Vehumet.
  7878 | D:7      | Reached skill level 1 in Transmutations
  8645 | D:7      | Reached skill level 5 in Polearms
  9360 | D:8      | Reached skill level 5 in Fighting
  9586 | D:8      | Found a hide-covered altar of Uskayaw.
  9641 | D:8      | Reached skill level 1 in Shields
  9641 | D:8      | Reached XP level 10. HP: 45/59 MP: 3/14
  9886 | D:9      | Reached **** piety under Vehumet
  9888 | D:9      | Noticed Gastronok
 10071 | D:9      | Noticed Joseph
 10081 | D:9      | Killed Joseph
 10764 | D:9      | Killed Gastronok
 10765 | D:9      | Reached skill level 5 in Spellcasting
 10765 | D:9      | Reached skill level 5 in Transmutations
 11284 | D:9      | Noticed a two-headed ogre
 11301 | D:9      | Killed a two-headed ogre
 11302 | D:9      | Reached XP level 11. HP: 63/63 MP: 2/18
 11487 | D:9      | Paralysed by an orc warrior for 2 turns
 11538 | D:9      | Offered knowledge of Bolt of Magma by Vehumet.
 11545 | D:9      | Learned a level 5 spell: Bolt of Magma
 11815 | D:9      | Noticed Erica
 11825 | D:9      | Killed Erica
 12013 | D:9      | Reached skill level 9 in Earth Magic
 12183 | D:9      | Found a basalt altar of Yredelemnul.
 12264 | D:9      | Noticed Prince Ribbit
 12267 | D:9      | Killed Prince Ribbit
 12461 | D:10     | Entered Level 10 of the Dungeon
 12658 | D:10     | Found Qihe's General Store.
 12658 | D:10     | Found a flagged portal.
 12665 | D:10     | Noticed a two-headed ogre
 12733 | D:10     | Killed a two-headed ogre
 12734 | D:10     | Reached skill level 10 in Earth Magic
 12840 | Bailey   | Entered a bailey
 12916 | Bailey   | Found an iron altar of Okawaru.
 12916 | Bailey   | Noticed an orc high priest
 12916 | Bailey   | Noticed an orc sorcerer
 12929 | Bailey   | Paralysed by an orc sorcerer for 5 turns
 12951 | Bailey   | Killed an orc sorcerer
 12952 | Bailey   | Killed an orc high priest
 12974 | Bailey   | HP: 3/63 [orc warrior/+0 war axe (9)]
 13323 | Bailey   | Noticed an orc knight
 13368 | Bailey   | Killed an orc knight
 13369 | Bailey   | Reached skill level 11 in Earth Magic
 13596 | Bailey   | Noticed an orc knight
 13868 | D:10     | Found a glowing golden altar of the Shining One.
 14490 | D:10     | Reached XP level 12. HP: 68/68 MP: 12/21
 14690 | D:10     | Noticed a two-headed ogre
 14690 | D:10     | Noticed a two-headed ogre
 14722 | D:10     | Killed a two-headed ogre
 14723 | D:10     | Reached skill level 12 in Earth Magic
 14744 | D:10     | Killed a two-headed ogre
 15000 | D:10     | Reached ***** piety under Vehumet
 15216 | D:10     | Offered knowledge of Airstrike by Vehumet.
 15516 | D:11     | Found a staircase to the Lair.
 15541 | D:11     | Noticed a two-headed ogre
 15550 | D:11     | Killed a two-headed ogre
 15551 | D:11     | Reached skill level 1 in Fire Magic
 15703 | D:11     | Found a frozen archway.
 15709 | D:11     | Noticed an ice dragon
 15729 | D:11     | Killed from afar by an ice dragon

Illustrated notes

Levels and vault maps discovered:
D:1:      nzn_arrival_settlement, layout_rooms, chequers_ecumenical_altar_island
D:2:      layout_rooms, serial_undead, serial_undead_b, serial_undead_d,
          serial_undead_a, serial_undead_a, serial_undead_d, uniq_sigmund
D:3:      layout_basic, minmay_misc_feat_tiny
D:4:      layout_basic, serial_shops, shop, shop_statue,
          nicolae_shop_statue_plus, nicolae_shop_waterfront, shop
D:5:      layout_rooms, amethyst_overflow_temple_binary, uniq_eustachio
D:6:      layout_basic, amcnicky_altar_gilded, gammafunk_temple_overflow_arena,
          minmay_temple_entry_purple_smoke, gammafunk_ghost_cemetery
D:7:      layout_basic
D:8:      layout_cave_pools, kennysheep_mini
D:9:      layout_loops_cross, lemuel_doored_altar, grunt_ministairs_8,
          uniq_joseph, uniq_prince_ribbit1, uniq_gastronok, uniq_erica
D:10:     minmay_s_stair_smasher, layout_long_grid,
          nicolae_tso_carved_into_rock, enter_bailey_5, serial_shops,
          nicolae_shop_stone, hangedman_fish_farm
D:11:     layout_cave_pools, due_lair_maze_entry_diamond,
          portal_ice_cave_entry_animals_and_master
Temple:   nicolae_temple_figure_eight

Skill      XL: |  1  2  3  4  5  6  7  8  9 10 11 12 |
---------------+-------------------------------------+-----
Earth Magic    | 4 5 6 7 8 11 12 | 12.0
Conjurations   | 1 2 3 4 5 6 |  6.0
Spellcasting   | 3 5 6 |  6.0
Dodging        | 2 3 4 |  4.2
Armour         | 2 4 5 |  5.3
Polearms       | 3 5 6 7 9 |  9.3
Fighting       | 1 5 |  5.3
Transmutations | 2 6 |  6.0
Shields        | 1 4 |  4.0
Fire Magic     | 1 |  1.7
Stealth        | |  2.1

Action                   |  1- 3 |  4- 6 |  7- 9 | 10-12 || total
-------------------------+-------+-------+-------+-------++-------
Melee: Staff             |     8 |       |       |       ||     8
       Demon trident     |       |    10 |   153 |   425 ||   588
Throw: Stone             |       |       |       |     1 ||     1
 Cast: Sandblast         |    54 |    73 |    38 |    19 ||   184
       Stone Arrow       |       |       |    97 |   152 ||   249
       Lee's Rapid Decon |       |       |     1 |    17 ||    18
       Petrify           |       |       |       |     3 ||     3
       Bolt of Magma     |       |       |       |     3 ||     3
Evoke: Wand              |       |       |       |     7 ||     7
  Use: Scroll            |     1 |     8 |     6 |     8 ||    23
       Potion            |       |       |       |     2 ||     2
 Stab: Sleeping          |     1 |       |     1 |       ||     2
Armor: Robe              |    20 |     8 |       |       ||    28
       Ring mail         |       |     4 |   171 |   228 ||   403
Dodge: Dodged            |    19 |    14 |   178 |   330 ||   541
Block: Buckler           |       |       |     2 |    95 ||    97

Table legend: (Time is in decaauts)
 A = Elapsed time spent in this place.
 B = Non-inter-level travel time spent in this place.
 C = Inter-level travel time spent in this place.
 D = Time resting spent in this place.
 E = Time spent auto-exploring this place.
 F = Levels seen in this place.
 G = Mean time per level.
                   A        B        C        D        E       F      G
               +--------+--------+--------+--------+--------+-----+--------+
         Total |  15805 |  15083 |    722 |   1085 |  11006 |  13 | 1215.8 |
       Dungeon |  14790 |  14078 |    712 |    955 |  10374 |  11 | 1344.5 |
        Temple |    227 |    217 |     10 |      0 |    200 |   1 |  227.0 |
        Bailey |    787 |    787 |      0 |    130 |    431 |   1 |  787.0 |
               +--------+--------+--------+--------+--------+-----+--------+

Top non-repeatable levels by time:
     D:9: 2488 daAuts
    D:10: 2127 daAuts
     D:7: 1809 daAuts
     D:8: 1441 daAuts
     D:6: 1409 daAuts
     D:4: 1266 daAuts
     D:5: 1247 daAuts
     D:3: 1243 daAuts
  Bailey: 787 daAuts
     D:2: 719 daAuts
     D:1: 707 daAuts
    D:11: 330 daAuts
  Temple: 227 daAuts
